 Dungeon Crawl Stone Soup version 0.28-a0-1555-g9ae15a6949 (webtiles) character file.

Game seed: 13882262116853434280

44 HallandMoats the Sneak (level 3, -2/31 HPs)
             Began as a Ghoul Brigand on Jan 18, 2022.
             Slain by a quokka (3 damage)
             ... on level 3 of the Dungeon.
             The game lasted 00:01:55 (1618 turns).

HallandMoats the Sneak (Ghoul Brigand)              Turns: 1618, Time: 00:01:56

Health: -2/31      AC:  8    Str: 16    XL:     3   Next: 60%
Magic:  2/2        EV:  6    Int:  6    God:
Gold:   149        SH:  0    Dex: 10    Spells: 2/2 levels left

rFire   . . .      SeeInvis .   a - +2 dagger (elec)
rCold   + . .      Faith    .   (no shield)
rNeg    + + +      Spirit   .   i - +0 scale mail
rPois   ∞          Reflect  .   (no helmet)
rElec   .          Harm     .   c - +0 cloak
rCorr   .          Rampage  .   (no gloves)
Will    .....                   o - +0 pair of boots
Stlth   +.........              (no amulet)
HPRegen 0.00/turn               (no ring)
MPRegen 0.08/turn               (no ring)

@: inhibited regen, constricted, very slow
A: claws 1, cold resistance 1, negative energy resistance 3, inhibited
regeneration, torment resistance 2
a: no special abilities


You were on level 3 of the Dungeon.
You visited 1 branch of the dungeon, and saw 3 of its levels.

You collected 149 gold pieces.

Inventory:

Hand Weapons
 a - a +2 dagger of electrocution (weapon)
Missiles
 d - 8 poisoned darts (quivered)
 e - 2 curare-tipped darts
Armour
 c - a +0 cloak (worn)
 i - a +0 scale mail (worn)
 o - a +0 pair of boots (worn)
Scrolls
 g - a scroll of torment {unknown}
 h - 2 scrolls of identify {unknown}
 j - a scroll of fear {unknown}
 k - a scroll of amnesia {unknown}
Potions
 b - a potion of mutation {unknown}
 f - 2 potions of flight {unknown}
 l - 2 potions of heal wounds {unknown}
 m - 2 potions of cancellation {unknown}
 n - a potion of attraction {unknown}


   Skills:
 * Level 3.0 Fighting
 * Level 2.5 Short Blades
 - Level 1.7 Throwing
 + Level 0.8 Armour
 + Level 1.3 Dodging
 - Level 4.3 Stealth


You had 2 spell levels left.
You didn't know any spells.
Your spell library was empty.

Dungeon Overview and Level Annotations

Branches:
Dungeon (3/15)

Altars:

Portals:
Sewer: D:3


Innate Abilities, Weirdness & Mutations

You thrive by killing the living.
You are immune to poison.
You have sharp fingernails.
Your flesh is cold resistant. (rC+)
You are immune to negative energy. (rN+++)
You do not regenerate when monsters are visible.
You are immune to unholy pain and torment.


Message History

Found a glowing drain.
The ball python hisses angrily.
You hear an angry hiss.
A river rat comes into view. 2 worms come into view.
The orc shouts!
A ball python comes into view.
The quokka misses you.
The orc throws a boomerang.
The boomerang closely misses you. The quokka barely misses you.
The ball python closely misses you. The ball python barely misses you.
The worm bites you but does no damage.
The ball python bites you but does no damage.
The ball python barely misses you.
You enter the shallow water.
Moving in this stuff is going to be slow.
The ball python bites you but does no damage.
The ball python grabs you. The ball python constricts you.
The ball python completely misses you. The river rat bites you.
You escape the ball python's grasp.
The ball python bites you. The ball python grabs you.
The ball python constricts you. The ball python barely misses you.
The river rat bites you. The rat bites you but does no damage.
The ball python closely misses you. The ball python constricts you.
The ball python bites you but does no damage.
Your unstable footing causes you to fumble your attack.
The river rat bites you but does no damage.
The ball python bites you. The ball python constricts you. The rat bites you.
The ball python bites you but does no damage.
The ball python's grasp on you weakens, but your attempt to escape fails.
The river rat bites you. The ball python bites you.
* * * LOW HITPOINT WARNING * * *
The ball python constricts you.
The ball python bites you but does no damage.
The rat bites you but does no damage. The worm bites you!
* * * LOW HITPOINT WARNING * * *
You escape the ball python's grasp.
The ball python completely misses you. The ball python closely misses you.
The ball python completely misses you. The ball python grabs you.
The ball python constricts you. The quokka bites you.
You die...

########
#####......#
#..........#
#....S.....#
#...@r≈....#
#..≈rS≈≈...#
#..≈w∩rw...#
#..≈B≈≈o...#
#...≈≈≈$..^#
#.......oo..#####
#........o........
#.#######.........
.. #.........#


You could see 2 worms, an orc wizard, a river rat, 3 orcs, a quokka, a giant
cockroach, 2 ball pythons and a rat.

Vanquished Creatures
  A dart slug (D:1)
  2 ball pythons
  4 endoplasms
  A giant cockroach (D:1)
  6 goblins
  6 hobgoblins
  4 bats
  2 frilled lizards (D:2)
  9 kobolds
  4 rats
39 creatures vanquished.

Notes
Turn   | Place    | Note
-------+----------+-------------------------------------------
     0 | D:1      | HallandMoats the Ghoul Brigand began the quest for the Orb.
     0 | D:1      | Reached XP level 1. HP: 17/17 MP: 0/0
    72 | D:1      | Reached skill level 1 in Dodging
   144 | D:1      | Reached XP level 2. HP: 25/25 MP: 1/1
   645 | D:1      | Reached XP level 3. HP: 27/30 MP: 2/2
  1606 | D:3      | Found a glowing drain.
  1616 | D:3      | HP: 1/31 [worm (8)]
  1618 | D:3      | Slain by a quokka

Illustrated notes

Levels and vault maps discovered:
D:1:      dpeg_arrival_tiny_a, layout_basic, minmay_box_of_dots
D:2:      layout_basic, serial_corexii_hall, corexii_hall_statues_l,
          corexii_hall_statues_l, corexii_hall_statues_t, corexii_hall_statues_u
D:3:      layout_rooms, elyvilon_altar_3, portal_sewer_entry_a, uniq_robin,
          uniq_crazy_yiuf_cottage, uniq_sigmund

Skill      XL: |  1  2  3 |
---------------+----------+-----
Dodging        | 1 |  1.3
Short Blades   | 2 |  2.5
Fighting       | 3 |  3.0
Throwing       | |  1.7
Armour         | |  0.8
Stealth        | |  4.3

Action                   || total
-------------------------++-------
Melee: Dagger            ||   118
       Punch             ||     1
 Stab: Sleeping          ||     4
Armor: Robe              ||    10
       Scale mail        ||    36
Dodge: Dodged            ||    65

Table legend: (Time is in decaauts)
 A = Elapsed time spent in this place.
 B = Non-inter-level travel time spent in this place.
 C = Inter-level travel time spent in this place.
 D = Time resting spent in this place.
 E = Time spent auto-exploring this place.
 F = Levels seen in this place.
 G = Mean time per level.
                   A        B        C        D        E       F      G
               +--------+--------+--------+--------+--------+-----+--------+
         Total |   1606 |   1565 |     41 |      0 |   1246 |   3 |  535.3 |
       Dungeon |   1606 |   1565 |     41 |      0 |   1246 |   3 |  535.3 |
               +--------+--------+--------+--------+--------+-----+--------+

Top non-repeatable levels by time:
     D:1: 857 daAuts
     D:2: 734 daAuts
     D:3: 14 daAuts
